 Dungeon Crawl Stone Soup version 0.28.0 (webtiles) character file.

Game seed: 4126888662450584448

220 lonewolfV2 the Ruffian (level 5, 0/52 HPs)
             Began as a Troll Fighter on Feb 10, 2022.
             Slain by Sigmund (8 damage)
             ... on level 3 of the Dungeon.
             The game lasted 00:03:05 (1854 turns).

lonewolfV2 the Ruffian (Troll Fighter)              Turns: 1854, Time: 00:03:06

Health: 0/52       AC:  4    Str: 24    XL:     5   Next: 64%
Magic:  4/4        EV:  9    Int:  4    God:
Gold:   155        SH:  8    Dex: 11    Spells: 4/4 levels left

rFire   . . .      SeeInvis .     - Unarmed
rCold   . . .      Faith    .   b - +0 kite shield
rNeg    . . .      Spirit   .   a - +0 robe
rPois   .          Reflect  .   (helmet restricted)
rElec   .          Harm     .   (no cloak)
rCorr   .          Rampage  .   (gloves unavailable)
Will    .....                   (boots unavailable)
Stlth   +.........              (no amulet)
HPRegen 0.97/turn               (no ring)
MPRegen 0.09/turn               (no ring)

@: no status effects
A: large, unfitting armour, claws 3, regeneration 1, shaggy fur 1, tough skin 1
a: no special abilities


You were on level 3 of the Dungeon.
You visited 1 branch of the dungeon, and saw 4 of its levels.

You collected 155 gold pieces.

Inventory:

Armour
 a - a +0 robe (worn)
 b - a +0 kite shield (worn)
Scrolls
 c - a scroll of acquirement {unknown}
 d - 4 scrolls of identify
 e - a scroll of teleportation
 h - a scroll of enchant weapon {unknown}
Potions
 f - 2 potions of lignification {unknown}
 g - a potion of heal wounds


   Skills:
 + Level 2.8 Fighting
 + Level 3.3 Dodging
 + Level 0.2 Stealth
 + Level 3.2 Shields
 + Level 4.1 Unarmed Combat


You had 4 spell levels left.
You didn't know any spells.
Your spell library contained the following spells:

 Spells                   Type           Power      Damage    Failure   Level
 Animate Skeleton         Necr           0%         N/A       80%         1
 Apportation              Tloc           0%         N/A       80%         1
 Summon Small Mammal      Summ           0%         N/A       80%         1
 Alistair's Intoxication  Tmut/Pois      0%         N/A       100%        5
 Borgnjor's Vile Clutch   Necr/Erth      0%         N/A       100%        5
 Eringya's Noxious Bog    Tmut/Pois      0%         N/A       100%        6


Dungeon Overview and Level Annotations

Branches:
Dungeon (4/15)
 Temple: D:4-7

Altars:

Annotations:
D:3 Sigmund


Innate Abilities, Weirdness & Mutations

You are too large for most types of armour.
You have claws for hands.
Your natural rate of healing is unusually fast.
You are covered in fur. (AC +1)
You have tough skin. (AC +1)


Message History

You miss something. You block something's attack.
You miss something. You completely miss something.
You hear a zap.
A puff of flame appears from out of thin air!
You block the puff of flame.
You closely miss something. Something hits you.
You scratch something but do no damage. Something hits you.
You barely miss something. You scratch something. Something hits you!
You scratch something but do no damage. Something hits you but does no damage.
You barely miss something.
You hear a zap.
A puff of flame appears from out of thin air!
The puff of flame hits you.
You miss something.
You hear some strange, mumbled words.
A magic dart appears from out of thin air!
The magic dart hits you!
You miss something. Something hits you.
You completely miss something. You closely miss something.
Something hits you but does no damage.
It was a potion of heal wounds.
You feel much better. Something hits you!
You miss something. You miss something.
You hear a zap.
A puff of flame appears from out of thin air!
The puff of flame hits you!
You miss something. Something hits you but does no damage.
You closely miss something.
You hear a zap.
A puff of flame appears from out of thin air!
The puff of flame hits you!
You closely miss something.
You hear some strange, mumbled words.
A magic dart appears from out of thin air!
The magic dart hits you!
* * * LOW HITPOINT WARNING * * *
You barely miss something. Something hits you!
You die...

# ####....##..###..#####
..........##.#####......
...###..................
#...#.......##.........
#.....รท.###....##.....
...##............(.....
.. #<....#...####.....
#..######....######.....
#.....{@...>.....##.....
.......###..####..#.....
>...... ....# ##.......
.......###.########.....
###...# #.......##.....
#... ##......###...<
#... #............. ###.
#........#....
.#######..##....##


There were no monsters in sight!

Vanquished Creatures
  A scorpion (D:2)
  A hound (D:3)
  An iguana (D:4)
  An orc wizard (D:4)
  2 adders
  A worm (D:2)
  2 dart slugs
  2 orcs (D:4)
  3 ball pythons
  9 endoplasms
  2 giant cockroaches
  5 goblins
  2 hobgoblins (D:1)
  5 jackals
  5 kobolds
  2 quokkas (D:1)
  6 bats
  2 frilled lizards
  3 rats (D:2)
55 creatures vanquished.

Notes
Turn   | Place    | Note
-------+----------+-------------------------------------------
     0 | D:1      | lonewolfV2 the Troll Fighter began the quest for the Orb.
     0 | D:1      | Reached XP level 1. HP: 22/22 MP: 0/0
   145 | D:1      | Reached XP level 2. HP: 27/29 MP: 1/1
   410 | D:1      | Found a faded altar of an unknown god.
   676 | D:1      | Reached XP level 3. HP: 34/36 MP: 2/2
  1377 | D:2      | Noticed a scorpion
  1382 | D:2      | Killed a scorpion
  1383 | D:2      | Reached skill level 3 in Unarmed Combat
  1383 | D:2      | Reached XP level 4. HP: 38/44 MP: 3/3
  1599 | D:3      | Reached XP level 5. HP: 52/52 MP: 4/4
  1669 | D:3      | You fall into a shaft and drop 1 floor!
  1765 | D:4      | Reached skill level 4 in Unarmed Combat
  1827 | D:3      | Noticed Sigmund
  1854 | D:3      | Slain by Sigmund

Illustrated notes

Levels and vault maps discovered:
D:1:      dpeg_arrival_signposts, layout_basic,
          shapermc_ecumenical_altar_totnotflames, minmay_pentomino_u4
D:2:      layout_basic
D:3:      layout_rooms, minivault_4, corexii_hall_statues_x,
          minmay_increasing_density, uniq_sigmund
D:4:      layout_basic, nicolae_shop_firing_range, uniq_crazy_yiuf_cottage

Skill      XL: |  1  2  3  4  5 |
---------------+----------------+-----
Dodging        | 3 |  3.3
Shields        | 3 |  3.2
Unarmed Combat | 3 4 |  4.1
Fighting       | |  2.8
Stealth        | |  0.2

Action                   |  1- 3 |  4- 6 || total
-------------------------+-------+-------++-------
Melee: Unarmed           |    92 |    71 ||   163
  Use: Scroll            |     1 |       ||     1
       Potion            |     1 |     1 ||     2
Armor: Robe              |    33 |    27 ||    60
Dodge: Dodged            |    39 |    21 ||    60
Block: Kite shield       |    33 |    28 ||    61
